 Dungeon Crawl Stone Soup version 0.30.1-4-g462c640d31 (webtiles) character file.

Game seed: 5726056739391231877

959 Wiggles the Chopper (level 7, -1/64 HPs)
             Began as a Minotaur Berserker on Aug 23, 2023.
             Was a Priest of Trog.
             Slain by an ogre
             ... wielding a +0 giant club
              (25 damage)
             ... on level 5 of the Dungeon.
             The game lasted 00:06:24 (4278 turns).

Wiggles the Chopper (Minotaur Berserker)            Turns: 4278, Time: 00:06:25

Health: -1/64      AC: 11    Str: 23    XL:     7   Next: 92%
Magic:  6/6        EV:  8    Int:  4    God:    Trog [***...]
Gold:   46         SH: 10    Dex: 10    Spells: 6/6 levels left

rFire   . . .        a - +0 hand axe
rCold   . . .        z - +0 tower shield
rNeg    . . .        p - +0 scale mail
rPois   +            (helmet restricted)
rElec   .            m - +0 cloak
rCorr   +            h - +0 pair of gloves
SInv    .            i - +0 pair of boots
Will    .....        (no amulet) Stlth
                     A - ring of poison resistance
HPRegen 0.30/turn    q - ring of resist corrosion
MPRegen 0.10/turn

%: no passive effects
@: no status effects
A: horns 2, retaliatory headbutt
a: Renounce Religion, Berserk, Trog's Hand


You were on level 5 of the Dungeon.
You worshipped Trog.
Trog was most pleased with you.
You visited 1 branch of the dungeon, and saw 5 of its levels.

You collected 211 gold pieces.
You spent 165 gold pieces at shops.

Inventory:

Hand Weapons
 a - a +0 hand axe (weapon)
Armour
 h - a +0 pair of gloves (worn)
 i - a +0 pair of boots (worn)
 m - a +0 cloak (worn)
 p - a +0 scale mail (worn)
 z - a +0 tower shield (worn)
Jewellery
 q - a ring of resist corrosion (right hand)
 x - a ring of protection from cold
 A - a ring of poison resistance (left hand)
Wands
 v - a wand of paralysis (5)
 y - a wand of acid (11)
Scrolls
 b - 5 scrolls of identify {unknown}
 c - 2 scrolls of vulnerability {unknown}
 d - 2 scrolls of fog {unknown}
 g - a scroll of butterflies {unknown}
 j - a scroll of poison {unknown}
 l - a scroll of magic mapping {unknown}
 n - a scroll of immolation {unknown}
 s - 4 scrolls of teleportation {unknown}
 t - a scroll of brand weapon {unknown}
Potions
 e - a potion of brilliance {unknown}
 f - 2 potions of curing {unknown}
 k - 2 potions of lignification {unknown}
 o - 2 potions of might {unknown}
 r - a potion of flight {unknown}
 u - 3 potions of heal wounds
 w - a potion of degeneration {unknown}


   Skills:
 + Level 6.6 Fighting
 + Level 7.6 Axes
 + Level 5.2 Armour
 + Level 3.7 Dodging
 + Level 1.0 Stealth
 + Level 1.9 Shields


You had 6 spell levels left.
You didn't know any spells.
Your spell library was empty.

Dungeon Overview and Level Annotations

Branches:
Dungeon (5/15)             Temple (0/1) D:4

Altars:
Fedhas
Qazlal

Shops:
D:4 =!   D:5 *


Innate Abilities, Weirdness & Mutations

You have a pair of horns on your head.
You reflexively headbutt those who attack you in melee.


Message History

You hit the orc but do no damage.
The orc is heavily wounded.
You block the orc's attack.
You closely miss the orc. Your headbutt misses the orc.
The orc is heavily wounded.
You block the orc's attack.
You hit the orc.
The orc is severely wounded.
You block the orc's attack. x2
You hit the orc.
You kill the orc!
Trog accepts your kill.
No target in view!
A - a ring of poison resistance You remove your ring of protection from cold.
A - a ring of poison resistance (left hand)
Found a stone staircase leading down.
An ogre comes into view. It is wielding a +0 giant club.
The ogre shouts!
An ogre is nearby!
The ogre hits you with a +0 giant club!
You are too injured to fight recklessly!
You are too injured to fight recklessly!
You are too injured to fight recklessly!
You are too injured to fight recklessly!
You hit the ogre.
The ogre is lightly wounded.
You slash the ogre!
The ogre is moderately wounded.
The ogre closely misses you.
You hit the ogre. Your headbutt misses the ogre.
The ogre is moderately wounded.
The ogre barely misses you.
You hit the ogre.
The ogre is heavily wounded.
The ogre hits you with a +0 giant club!!
You hit the ogre but do no damage. You headbutt the ogre!
The ogre is almost dead.
The ogre hits you with a +0 giant club!!
You die...

......#.....#.........#
####..#.....#.........#
♣♣#####.....#.........#
§♣.#.#####'##.........#
§..#........#.........#
⌠.§#........#.........#
.....########.........#
.....##.....#.........#
⌠..#.##.....#>..@.....#
..♣#........#...O.#####
∩♣♣#.##.....#.....# ♣♣
######'###.....#
####.##.....#.....#
............#.....#
............#.....#
##...##.....#.....#
##...##.....#


You could see an ogre.

Vanquished Creatures
  An ice beast (D:5)
  A black bear (D:4)
  A phantom (D:4)
  A bullfrog (D:5)
  3 scorpions (D:4)
  2 hounds
  An orc priest (D:5)
  A gnoll bouda (D:4)
  An iguana (D:4)
  4 orc wizards
  10 gnolls
  2 adders
  2 river rats (D:4)
  A worm (D:4)
  2 dart slugs (D:1)
  11 orcs
  2 bats
  2 endoplasms
  9 giant cockroaches
  7 goblins
  A hobgoblin (D:4)
  7 jackals
  5 kobolds
  A quokka (D:1)
  8 ball pythons
  3 frilled lizards
  5 rats
94 creatures vanquished.

Notes
Turn   | Place    | Note
-------+----------+-------------------------------------------
     0 | D:1      | Wiggles the Minotaur Berserker began the quest for the Orb.
     0 | D:1      | Reached XP level 1. HP: 19/19 MP: 0/0
   187 | D:1      | Reached XP level 2. HP: 26/27 MP: 1/1
   341 | D:1      | Reached skill level 4 in Axes
   421 | D:1      | Found a faded altar of an unknown god.
   513 | D:1      | Reached ** piety under Trog
   627 | D:1      | Reached XP level 3. HP: 31/33 MP: 2/2
  1843 | D:3      | Reached XP level 4. HP: 37/41 MP: 3/3
  2085 | D:3      | Reached skill level 5 in Axes
  2168 | D:3      | Found a stormy altar of Qazlal.
  2244 | D:3      | Found a blossoming altar of Fedhas.
  2259 | D:3      | Identified the +2 robe of Parts Unknown {rElec Str+3}
  2471 | D:3      | Reached XP level 5. HP: 43/47 MP: 4/4
  2804 | D:4      | Reached XP level 6. HP: 49/55 MP: 5/5
  2850 | D:4      | Reached skill level 6 in Axes
  2850 | D:4      | Reached skill level 1 in Stealth
  2912 | D:4      | Reached skill level 5 in Fighting
  2928 | D:4      | Reached *** piety under Trog
  2929 | D:4      | Reached skill level 1 in Shields
  2987 | D:4      | Reached XP level 7. HP: 57/61 MP: 6/6
  3003 | D:4      | Found a staircase to the Ecumenical Temple.
  3030 | D:4      | Found Ithuinoh's Distillery.
  3038 | D:4      | Bought a potion of heal wounds for 55 gold pieces
  3038 | D:4      | Bought a potion of heal wounds for 55 gold pieces
  3038 | D:4      | Bought a potion of heal wounds for 55 gold pieces
  3259 | D:4      | Found Viwn's Jewellery Emporium.
  3558 | D:4      | Reached skill level 7 in Axes
  3742 | D:5      | Entered Level 5 of the Dungeon
  3810 | D:5      | Found Fici Osh's Fire Supplies.
  3821 | D:5      | Reached skill level 5 in Armour
  4278 | D:5      | Slain by an ogre

Illustrated notes

Levels and vault maps discovered:
D:1:      tarquinn_simple_flora_water_d, layout_loops_corners,
          hellmonk_ecumenical_altar_dog_temple, st_stairs_1,
          chequers_serial_rivers_small_3
D:2:      layout_basic
D:3:      layout_loops_corners, grunt_temple_overflow_forces_of_nature
D:4:      layout_loops_cross, minmay_temple_entry_crystal_x,
          portal_sewer_entry_e, serial_shops, shop,
          nicolae_shop_tiny_real_fake_doors
D:5:      layout_gridville, nicolae_shop_fire_sale [nicolae_sub_dead_trees]

Skill      XL: |  1  2  3  4  5  6  7 |
---------------+----------------------+-----
Axes           | 4 5 6 7 |  7.6
Fighting       | 4 5 6 |  6.6
Armour         | 3 4 5 |  5.2
Dodging        | 3 |  3.7
Stealth        | 1 |  1.0
Shields        | 1 |  1.9

Action                     |  1- 3 |  4- 6 |  7- 9 || total
---------------------------+-------+-------+-------++-------
  Melee: Hand axe          |    73 |    98 |    93 ||   264
         Headbutt          |    10 |    12 |    12 ||    34
         Punch             |     1 |       |       ||     1
 Invoke: Berserk           |       |       |     1 ||     1
 Armour: Animal skin       |    11 |       |       ||    11
         Ring mail         |     3 |     2 |       ||     5
         Scale mail        |       |    58 |    31 ||    89
  Dodge: Dodged            |    40 |    42 |    44 ||   126
  Block: Kite shield       |       |    13 |    24 ||    37
         Tower shield      |       |       |    11 ||    11
